 Dungeon Crawl Stone Soup version 0.20.1-1-g8b1a95d (webtiles) character file.

37 digijack the Ducker (level 3, 0/22 HPs)
             Began as a Kobold Skald on Dec 13, 2017.
             Killed by nerve-wracking pain
             ... invoked by Jessica
              (2 damage)
             ... on level 2 of the Dungeon.
             The game lasted 00:12:30 (1576 turns).

digijack the Ducker (Kobold Skald)                  Turns: 1576, Time: 00:12:31

Health: 0/22       AC:  3    Str:  8    XL:     3   Next: 60%
Magic:  1/6        EV: 16    Int: 14    God:
Gold:   11         SH:  0    Dex: 15    Spells: 3/6 levels left

rFire    . . .     SeeInvis .   a - +0 dagger
rCold    . . .     Gourm    .   (shield restricted)
rNeg     . . .     Faith    .   b - +0 leather armour
rPois    .         Spirit   .   (no helmet)
rElec    .         Reflect  .   (no cloak)
rCorr    .         Harm     .   (no gloves)
MR       .....                  (no boots)
Stlth    ++........             (no amulet)
Regen    0.1/turn               i - +1 ring of evasion
MPRegen  0.1/turn               (no ring)

@: very slightly contaminated
A: carnivore 3
a: no special abilities


You were on level 2 of the Dungeon.
You were completely stuffed.

You visited 1 branch of the dungeon, and saw 2 of its levels.

You collected 11 gold pieces.

Inventory:

Hand Weapons
 a - a +0 dagger (weapon)
Armour
 b - a +0 leather armour (worn)
Jewellery
 i - a +1 ring of evasion (left hand)
Scrolls
 e - 3 scrolls of identify
Potions
 h - a potion of might
Books
 c - a book of Battle

   Spells                             Type                      Level
   a - Infusion                       Charms                       1
   b - Shroud of Golubria             Charms/Translocation         2
   c - Song of Slaying                Charms                       2
   d - Spectral Weapon                Hexes/Charms                 3
   e - Regeneration                   Charms/Necromancy            3
Comestibles
 d - 2 meat rations
 g - 4 chunks of flesh


   Skills:
 + Level 2.5 Fighting
 + Level 1.0(2.0) Short Blades
   Level 1.5(1.6) Long Blades
 - Level 0.7 Armour
 + Level 3.3 Dodging
 + Level 1.5 Stealth
 * Level 2.2 Spellcasting
 * Level 2.6 Charms


You had 3 spell levels left.
You knew the following spells:

 Your Spells              Type           Power        Failure   Level  Hunger
a - Infusion              Chrm           #...         11%         1    #......
b - Shroud of Golubria    Chrm/Tloc      #.........   28%         2    ###....


Dungeon Overview and Level Annotations

Branches:
Dungeon (2/15)

Altars:

Annotations:
D:2 Jessica


Innate Abilities, Weirdness & Mutations

You are small and have problems with some larger weapons.
You are carnivorous and can eat meat at any time.


Message History

Jessica casts a spell at you. Pain shoots through your body!
* * * LOW HITPOINT WARNING * * *
The hobgoblin hits you but does no damage.
You closely miss Jessica.
Jessica is severely wounded.
Jessica completely misses you. The hobgoblin barely misses you.
You hit Jessica.
Jessica is almost dead.
Jessica gestures wildly while chanting.
Jessica blinks!
The hobgoblin completely misses you. Jessica misses you.
You barely miss Jessica.
Jessica is almost dead.
Jessica misses you. The hobgoblin closely misses you.
You barely miss Jessica.
Jessica is almost dead.
You are no longer magically infusing your attacks.
Jessica casts a spell at you. Pain shoots through your body!
You die...

#.# #. ..# # #.#
#.# #.###.. #..
..... #.# ....
#.# ##.s #.#
#.$g## #.#
#@######.######
##@.............
#.........#####
#.###.###.#####
#.## #.# #.....#
..# #.###.###.#
### #.....# #.#
####### #.###
#....


You could see Jessica, a giant cockroach and a hobgoblin.

Vanquished Creatures
  2 dart slugs
  4 bats
  2 giant cockroaches (D:1)
  4 goblins
  4 hobgoblins
  4 jackals (D:1)
  5 kobolds
  A frilled lizard (D:2)
  4 rats (D:1)
30 creatures vanquished.

Notes
Turn   | Place    | Note
-------+----------+-------------------------------------------
     0 | D:1      | digijack the Kobold Skald began the quest for the Orb.
     0 | D:1      | Reached XP level 1. HP: 12/12 MP: 3/3
   205 | D:1      | Reached XP level 2. HP: 18/18 MP: 0/5
   346 | D:1      | Learned a level 2 spell: Shroud of Golubria
   393 | D:1      | Reached skill level 3 in Dodging
   492 | D:1      | Reached skill level 1 in Stealth
   819 | D:1      | Reached XP level 3. HP: 22/22 MP: 4/6
  1512 | D:2      | Reached skill level 1 in Short Blades
  1564 | D:2      | Noticed Jessica
  1576 | D:2      | Killed from afar by Jessica

Skill      XL: |  1  2  3 |
---------------+----------+-----
Dodging        | 3 |  3.3
Stealth        | 1 |  1.5
Short Blades   | 1 |  1.0
Fighting       | |  2.5
Long Blades    | |  1.5
Armour         | |  0.7
Spellcasting   | |  2.2
Charms         | |  2.6

Action                   || total
-------------------------++-------
Melee: Falchion          ||    10
       Dagger            ||   140
 Cast: Infusion          ||    24
  Use: Scroll            ||     2
       Potion            ||     2
 Stab: Sleeping          ||     1
  Eat: Chunk             ||    11
Armor: Leather armour    ||    34
Dodge: Dodged            ||   148
       Rpst.: Falchion   ||     2
